 Dungeon Crawl Stone Soup version 0.30-a0-824-g6c64550be9 (webtiles) character file.

Game seed: 9270567371937273638

0 Esekla the Sneak (level 1, 16/16 HPs)
             Began as an Octopode Delver on Feb 28, 2023.
             Quit the game on level 5 of the Dungeon.
             The game lasted 00:01:34 (124 turns).

Esekla the Sneak (Octopode Delver)                   Turns: 124, Time: 00:01:35

Health: 16/16      AC:  1    Str: 11    XL:     1   Next: 0%
Magic:  1/1        EV: 13    Int: 12    God:
Gold:   0          SH:  0    Dex: 13    Spells: 0/0 levels left

rFire   . . .      SeeInvis .    a - +0 falchion
rCold   . . .      Faith    .    (no shield)
rNeg    . . .      Spirit   .    (helmet restricted)
rPois   .          Reflect  .    (no amulet)
rElec   .          Harm     .    (no ring)
rCorr   .          Rampage  .    (no ring)
Will    .....                    (no ring)
Stlth   ++++                     (no ring)
HPRegen 0.22/turn                (no ring)
MPRegen 0.07/turn                (no ring)
                                 (no ring)
                                 (no ring)

@: no status effects
A: almost no armour, amphibious, 8 rings, camouflage 1, gelatinous body 1,
(nimble swimmer 1), tentacles
a: no special abilities


You were on level 5 of the Dungeon.
You visited 1 branch of the dungeon, and saw 1 of its levels.

Inventory:

Hand Weapons
 a - a +0 falchion (weapon)
 i - a +0 dagger
Wands
 f - a wand of digging (3)
 g - a wand of roots (3)
 h - a wand of flame (12)
Scrolls
 b - a scroll of fog
 d - a scroll of fear
Potions
 e - a potion of haste


   Skills:
 * Level 3.0 Fighting
 * Level 2.0 Long Blades
 * Level 2.0 Dodging
 + Level 6.6 Stealth


You couldn't memorise any spells.
You didn't know any spells.
Your spell library was empty.

Dungeon Overview and Level Annotations

Branches:
Dungeon (5/15)
 Temple: D:4-7

Altars:
Xom


Innate Abilities, Weirdness & Mutations

You cannot wear most types of armour.
You are amphibious.
You can wear up to eight rings at the same time.
Your skin changes colour to match your surroundings (Stealth+).
Your rubbery body absorbs attacks. (AC +1, EV +1)
((You are camouflaged when in or above water. (Stealth+)))
You have tentacles for arms and can constrict up to eight enemies at once.


Message History

h - a wand of flame (12)
You see here a +0 dagger.
i - a +0 dagger
As you read the scroll of magic mapping, it crumbles to dust.
You feel aware of your surroundings.
You sensed 1 altar.
You open the door.
There is an open door here.
You close the door.
You open the door.
There is an open door here.
You open the door.
There is an open door here.
Found 2 stones.
You open the door.
The walls suddenly crumble! 5 dream sheep come into view.
A dream sheep catches fire!
The dream sheep bleats in terror.
A dream sheep catches fire!
A frightened dream sheep leaps away.
A dream sheep catches fire!
The dream sheep panics and turns to flee.
A dream sheep catches fire!
The dream sheep stampedes away.
A dream sheep catches fire!
The dream sheep bleats in terror.
You hear mad divine giggling.
Found a shimmering altar of Xom.
Found a stone staircase leading up.
The dream sheep burns! x5
The dream sheep burns! x5
Unknown command.
The dream sheep burns! x5
The dream sheep burns! x5
The dream sheep explodes!
The fiery explosion engulfs the dream sheep!! x2
The dream sheep explodes! x3
The dream sheep bleats!
You hear an angry growl.
The dream sheep burns!
The dream sheep explodes!
Found a blue potion.
Are you sure you want to abandon this character and quit the game? (Confirm with "yes".)

.# *,,,,,******,,,,**,**,, .#
*,,,,......#,,,,*******
.#########*,,,,......+,,,,,*
.........#*****#.....#,,,,,*
.........# #.....#,,,,,*
.........# #.....###*****
.........# #........,,,,*
.._......# #........,,,,*
.........# #@.....!.,,,,*
.........#######........,,,,*
.............h..........,,,,*
........................,,,,*
........................,,,,*
....<...................,,,,*
........................,,***
........................,,*
.........#######........,,*


There were no monsters in sight!

Vanquished Creatures (others)
  5 dream sheep (D:5)
5 creatures vanquished.

Notes
Turn   | Place    | Note
-------+----------+-------------------------------------------
     0 | D:5      | Esekla the Octopode Delver began the quest for the Orb.
     0 | D:5      | Reached XP level 1. HP: 16/16 MP: 1/1
    35 | D:5      | Noticed a black bear
    94 | D:5      | Noticed a dream sheep
    94 | D:5      | Noticed a dream sheep
    94 | D:5      | Noticed a dream sheep
    94 | D:5      | Noticed a dream sheep
    94 | D:5      | Noticed a dream sheep
    94 | D:5      | Found a shimmering altar of Xom.
    98 | D:5      | Killed a dream sheep
    98 | D:5      | Killed a dream sheep
    98 | D:5      | Killed a dream sheep
    98 | D:5      | Killed a dream sheep
    99 | D:5      | Killed a dream sheep
   124 | D:5      | Quit the game

Illustrated notes

Levels and vault maps discovered:
D:5:      layout_gridville, kb_xom_exploding_sheep, minmay_misc_feat_doors,
          roderic_serpentine_path

Action                     || total
---------------------------++-------
    Use: Scroll            ||     1

Table legend: (Time is in decaauts)
 A = Elapsed time spent in this place.
 B = Non-inter-level travel time spent in this place.
 C = Inter-level travel time spent in this place.
 D = Time resting spent in this place.
 E = Time spent auto-exploring this place.
 F = Levels seen in this place.
 G = Mean time per level.
                   A        B        C        D        E       F      G
               +--------+--------+--------+--------+--------+-----+--------+
         Total |    124 |    124 |      0 |      0 |      0 |   1 |  124.0 |
       Dungeon |    124 |    124 |      0 |      0 |      0 |   1 |  124.0 |
               +--------+--------+--------+--------+--------+-----+--------+

Top non-repeatable levels by time:
     D:5: 124 daAuts
